 Dungeon Crawl Stone Soup version 0.27-a0-1281-ge233d83751 (webtiles) character file.

Game seed: 3493371058406234131

8 Azzok the Chopper (level 2, 18/24 HPs)
             Began as a Demonspawn Berserker on June 13, 2021.
             Was a Follower of Trog.
             Quit the game on level 1 of the Dungeon.
             The game lasted 00:00:20 (232 turns).

Azzok the Chopper (Demonspawn Berserker)             Turns: 232, Time: 00:00:21

Health: 18/24      AC:  3    Str: 17    XL:     2   Next: 0%
Magic:  2/2        EV: 12    Int:  8    God:    Trog [*.....]
Gold:   0          SH:  0    Dex: 12    Spells: 1/1 levels left

rFire    . . .     SeeInvis .   a - +0 hand axe
rCold    . . .     Faith    .   (no shield)
rNeg     . . .     Spirit   .   b - +0 animal skin
rPois    .         Reflect  .   (no helmet)
rElec    .         Harm     .   (no cloak)
rCorr    .         Rampage  .   f - +0 pair of gloves
Will     .....                  (no boots)
Stlth    +.........             (no amulet)
HPRegen  0.08/turn              (no ring)
MPRegen  0.08/turn              (no ring)

@: no status effects
A: foul stench 1
a: Renounce Religion, Berserk


You were on level 1 of the Dungeon.
You worshipped Trog.
Trog was aware of your devotion.
You visited 1 branch of the dungeon, and saw 1 of its levels.

Inventory:

Hand Weapons
 a - a +0 hand axe (weapon)
Armour
 b - a +0 animal skin (worn)
 f - a +0 pair of gloves (worn)
Jewellery
 d - a +4 ring of protection
Scrolls
 e - a scroll of holy word {unknown}
Potions
 c - a potion of curing {unknown}


   Skills:
 - Level 3.0 Fighting
 + Level 3.2 Axes
 - Level 1.7 Armour
 - Level 1.7 Dodging


You had one spell level left.
You didn't know any spells.
Your spell library was empty.

Dungeon Overview and Level Annotations

Branches:
Dungeon (1/15)

Altars:


Innate Abilities, Weirdness & Mutations

You may rarely emit foul miasma when damaged in melee.


Message History

You continue putting on your +0 pair of gloves. x4
You finish putting on your +0 pair of gloves.
A goblin comes into view. It is wielding a +0 dagger.
A goblin is nearby!
A goblin is nearby!
The goblin shouts!
You hear an angry hiss.
A ball python comes into view.
The ball python hisses angrily.
The ball python moves out of view.
A ball python comes into view.
The ball python hisses angrily.
The goblin closely misses you.
You barely miss the goblin. The goblin hits you with a +0 dagger.
You barely miss the goblin. You hit the ball python.
You kill the ball python!
Trog accepts your kill. The goblin closely misses you.
You closely miss the goblin. You barely miss the ball python.
The goblin hits you but does no damage. The ball python barely misses you.
The ball python closely misses you.
You hit the ball python.
The ball python is severely wounded.
You completely miss the goblin. The ball python barely misses you.
The ball python closely misses you. The goblin barely misses you.
The ball python bites you. The ball python barely misses you.
You hit the ball python.
You kill the ball python!
Trog accepts your kill.
You hit the goblin. The goblin hits you but does no damage.
The goblin closely misses you.
You barely miss the goblin.
The goblin is almost dead.
The goblin barely misses you.
You hit the goblin.
You kill the goblin!
Trog accepts your kill.
You have reached level 2!
Your demonic ancestry asserts itself...
You begin to emit a foul stench of rot and decay.
Are you sure you want to abandon this character and quit the game? (Confirm with "yes".)

▒▒▒▒▒▒ ▒ ······ ··▒·▒
▒▒▒▒▒▒▒▒▒▒▒▒▒▒▒·▒·▒
▒▒··············▒·▒▒
····················
▒▒·▒▒▒▒▒··▒·····▒·▒▒▒▒
▒··· ▒··▒▒·▒▒·▒····▒
▒▒▒▒▒ ▒········▒····▒
·····▒·····@)···▒
▒·▒·▒▒▒▒▒▒▒▒†···▒
········ ··▒▒▒
▒·······▒ ····
▒▒▒·▒·····▒ ·····
····▒·▒···▒ ······▒
··········▒ ······▒
··········▒ ······▒
▒▒▒·······▒▒▒


There were no monsters in sight!

Vanquished Creatures
  A dart slug (D:1)
  3 ball pythons (D:1)
  A goblin (D:1)
  A kobold (D:1)
6 creatures vanquished.

Notes
Turn   | Place    | Note
-------+----------+-------------------------------------------
     0 | D:1      | Azzok the Demonspawn Berserker began the quest for the Orb.
     0 | D:1      | Reached XP level 1. HP: 18/18 MP: 1/1
   232 | D:1      | Gained mutation: You may rarely emit foul miasma when
                  | damaged in melee. [demonic ancestry]
   232 | D:1      | Reached XP level 2. HP: 18/24 MP: 2/2
   232 | D:1      | Quit the game

Illustrated notes

Levels and vault maps discovered:
D:1:      elethiomel_arrival_maze, layout_basic

Skill      XL: |  1 |
---------------+----+-----
Axes           | 3 |  3.2
Fighting       | |  3.0
Armour         | |  1.7
Dodging        | |  1.7

Action                   || total
-------------------------++-------
Melee: Hand axe          ||    15
Armor: Animal skin       ||     3
Dodge: Dodged            ||    14

Table legend: (Time is in decaauts)
 A = Elapsed time spent in this place.
 B = Non-inter-level travel time spent in this place.
 C = Inter-level travel time spent in this place.
 D = Time resting spent in this place.
 E = Time spent auto-exploring this place.
 F = Levels seen in this place.
 G = Mean time per level.
                   A        B        C        D        E       F      G
               +--------+--------+--------+--------+--------+-----+--------+
         Total |    234 |    234 |      0 |      0 |    181 |   1 |  234.0 |
       Dungeon |    234 |    234 |      0 |      0 |    181 |   1 |  234.0 |
               +--------+--------+--------+--------+--------+-----+--------+

Top non-repeatable levels by time:
     D:1: 234 daAuts
